 Dungeon Crawl Stone Soup version 0.30-a0-587-gfd7c166f36 (webtiles) character file.

Game seed: 18286904252721964867

102249 Bnni the Skirmisher (level 16, -4/127 HPs)
             Began as a Formicid Hexslinger on Jan 4, 2023.
             Was the Champion of Dithmenos.
             Slain by a spriggan rider
             ... wielding a +2 antimagic spear
              (14 damage)
             ... on level 5 of the Lair of Beasts.
             The game lasted 01:03:02 (22538 turns).

Bnni the Skirmisher (Formicid Hexslinger)          Turns: 22538, Time: 01:03:03

Health: -4/127     AC: 26    Str: 15    XL:     16   Next: 85%
Magic:  7/28       EV: 16    Int: 17    God:    Dithmenos [******]
Gold:   1508       SH:  8    Dex: 18    Spells: 2/31 levels left

rFire   x . .      SeeInvis +    o - +12 pair of quick blades "Gyre" and "Gimble" {protect}
rCold   + . .      Faith    .    N - +2 buckler {reflect}
rNeg    . . .      Spirit   .    t - +0 steam dragon scales
rPois   .          Reflect  +    (helmet unavailable)
rElec   .          Harm     .    B - +0 cloak
rCorr   .          Rampage  .    s - +0 pair of gloves
Will    +....                    X - +0 pair of boots Stlth *+++++++++
                                 Z - amulet of regeneration
HPRegen 1.21/turn                g - +4 ring of protection
MPRegen 0.21/turn                j - ring of ice

@: ice-armoured, wereblooded, under a protective aura, wreathed by umbra
A: permanent stasis, dig shafts and tunnels, antennae 3, four strong arms
a: Dig, Shaft Self, Renounce Religion, Shadow Step, Shadow Form


You were on level 5 of the Lair of Beasts.
You worshipped Dithmenos.
Dithmenos was exalted by your worship.
You visited 3 branches of the dungeon, and saw 21 of its levels.
You also visited: Bailey and Ice Cave.

You collected 1508 gold pieces.

Inventory:

Hand Weapons
 a - a +0 arbalest of draining
 o - the +12 pair of quick blades "Gyre" and "Gimble" (weapon) {protect}
   (You found it on level 7 of the Dungeon)

   It grants its wielder temporary protection when it strikes (+7 to AC).
Missiles
 f - 67 poisoned darts
 l - 6 curare-tipped darts
 w - 2 throwing nets
 S - 5 boomerangs of dispersal
Armour
 s - a +0 pair of gloves (worn)
 t - +0 steam dragon scales (worn)
 B - a +0 cloak (worn)
 N - a +2 buckler of reflection (worn)
 W - a +1 kite shield of cold resistance
 X - a +0 pair of boots (worn)
Jewellery
 g - a +4 ring of protection (left hand)
 j - a ring of ice (right hand)
 C - a ring of wizardry
 T - a ring of positive energy
 Z - an amulet of regeneration (around neck)
Wands
 u - a wand of iceblast (46)
 v - a wand of flame (35)
 x - a wand of acid (12)
 P - a wand of mindburst (5)
Scrolls
 b - 3 scrolls of poison
 e - a scroll of identify
 i - 5 scrolls of fear
 m - 7 scrolls of magic mapping
 n - a scroll of brand weapon
 r - a scroll of torment
 y - a scroll of enchant armour
 F - 3 scrolls of fog
 G - 2 scrolls of vulnerability
 K - 3 scrolls of enchant weapon
 L - 3 scrolls of amnesia
Potions
 c - 3 potions of resistance
 d - a potion of magic
 h - 6 potions of brilliance
 k - 10 potions of curing {unknown}
 p - 7 potions of attraction
 q - 4 potions of flight
 z - 2 potions of lignification {unknown}
 A - 4 potions of might {unknown}
 H - a potion of cancellation {unknown}
 I - 3 potions of mutation {unknown}
 J - a potion of experience {unknown}
 M - 5 potions of degeneration {unknown}
 Q - a potion of ambrosia {unknown}
 R - a potion of heal wounds
Miscellaneous
 V - a box of beasts
 Y - a phial of floods


   Skills:
 + Level 12.1 Fighting
 - Level 8.0 Short Blades
 + Level 13.9 Ranged Weapons
 + Level 8.2 Dodging
 * Level 13.6 Stealth
 * Level 5.5 Shields
 - Level 8.0 Spellcasting
 - Level 12.0 Hexes
 - Level 3.0 Translocations
 - Level 3.0 Transmutations
 - Level 3.0 Fire Magic
 + Level 5.2 Ice Magic
 * Level 10.2 Invocations


You had 2 spell levels left.
You knew the following spells:

 Your Spells              Type           Power      Damage    Failure   Level
a - Slow                  Hex            100%       N/A       1%          1
b - Inner Flame           Hex/Fire       32%        N/A       1%          3
c - Portal Projectile     Hex/Tloc       64%        N/A       1%          3
d - Cause Fear            Hex            23%        N/A       1%          4
e - Metabolic Englaciati  Hex/Ice        26%        N/A       10%         5
f - Ozocubu's Armour      Ice            36%        N/A       4%          3
g - Summon Guardian Gole  Hex/Summ       27%        N/A       3%          3
s - Silence               Hex/Air        13%        N/A       28%         5
w - Wereblood             Tmut           17%        N/A       5%          2

Your spell library contained the following spells:

 Spells                   Type           Power      Damage    Failure   Level
 Scorch                   Fire           34%        2d6       5%          2
 Foxfire                  Conj/Fire      44%        2x1d6     7%          1
 Magic Dart               Conj           24%        1d4       12%         1
 Cigotuvi's Dreadful Rot  Necr/Pois/Air  12%        N/A       19%         2
 Searing Ray              Conj           12%        2d4       19%         2
 Sublimation of Blood     Necr           6%         N/A       19%         2
 Dazzling Flash           Conj/Hex       54%        N/A       3%          3
 Frozen Ramparts          Ice            72%        1d11      4%          3
 Gell's Gravitas          Tloc           17%        N/A       11%         3
 Teleport Other           Tloc           17%        N/A       11%         3
 Fulminant Prism          Conj/Hex       13%        3d9       11%         4
 Ice Form                 Ice/Tmut       31%        N/A       22%         4
 Manifold Assault         Tloc           17%        N/A       34%         4
 Stone Arrow              Conj/Erth      12%        3d7       36%         3
 Summon Ice Beast         Ice/Summ       23%        N/A       38%         4
 Flame Wave               Conj/Fire      11%        2d6       54%         4
 Petrify                  Tmut/Erth      11%        N/A       54%         4
 Airstrike                Air            3%         2d(1-17)  77%         4
 Animate Armour           Summ/Erth      12%        N/A       77%         4
 Dispel Undead            Necr           6%         3d8       77%         4
 Summon Lightning Spire   Summ/Air       6%         N/A       77%         4
 Fireball                 Conj/Fire      5%         3d5       88%         5
 Agony                    Necr           6%         N/A       98%         5
 Lightning Bolt           Conj/Air       3%         1d14      98%         5
 Dispersal                Tloc           8%         N/A       99%         6
 Death Channel            Necr           3%         N/A       100%        6
 Simulacrum               Ice/Necr       11%        N/A       100%        6
 Starburst                Conj/Fire      5%         6d4       100%        6
 Statue Form              Tmut/Erth      7%         N/A       100%        6
 Summon Cactus Giant      Summ           3%         N/A       100%        6
 Orb of Destruction       Conj           3%         9d5       100%        7
 Ozocubu's Refrigeration  Ice            18%        4d11      100%        7
 Spellforged Servitor     Conj/Summ      3%         N/A       100%        7
 Storm Form               Tmut/Air       5%         N/A       100%        7
 Summon Hydra             Summ           3%         N/A       100%        7
 Lehudib's Crystal Spear  Conj/Erth      3%         10d2      100%        8
 Blink                    Tloc           Unusable   N/A       N/A         2

Dungeon Overview and Level Annotations

Branches:
Dungeon (15/15)            Temple (1/1) D:7            Lair (5/5) D:10
 Shoals (0/4) Lair:3       Spider (0/4) Lair:2        Slime (0/5) Lair:4
    Orc (0/2) D:11         Vaults (0/5) D:14         Depths (0/4) D:15
 Bailey (visited)           IceCv (visited)

Altars:
Cheibriados
Dithmenos
Elyvilon
Fedhas
Kikubaaqudgha
Makhleb
Nemelex Xobeh
Okawaru
Ru
Sif Muna
Trog
Vehumet
Wu Jian
Xom
Yredelemnul
Zin
The Shining One

Shops:
D:5 **

Annotations:
Lair:5 1 transporter


Innate Abilities, Weirdness & Mutations

You cannot be hasted, slowed, berserked, paralysed or teleported.
You can dig through walls and to a lower floor.
You have a pair of large antennae on your head. (SInv)
Your four strong arms can wield two-handed weapons with a shield.


Message History

The spriggan rider goes berserk!
The moth of wrath goads the spriggan on!
The spriggan goes berserk!
The spriggan completely misses you.
You puncture the spriggan rider! The spriggan rider blocks your attack.
Press: ? - help, v - describe, . - travel
Here: a spriggan rider, wielding a +2 antimagic spear, wearing a +2 robe and wearing a +0 buckler (moderately wounded, berserk, umbra)
The floor, spattered with blood.
Press: ? - help, v - describe, . - travel, g - get item
Here: a spriggan, wielding a +2 rapier of holy wrath, wearing a +0 robe and wearing a +2 buckler (black smoke, berserk, umbra)
Items here: a +0 short sword; a +0 robe.
The floor, spattered with blood.
Magic courses through your body.
The spriggan rider hits you with a +2 antimagic spear!
* * * LOW HITPOINT WARNING * * *
You emit a cloud of dark smoke.
You feel your power leaking away.
The spriggan hits you with a +2 rapier of holy wrath!
* * * LOW HITPOINT WARNING * * *
The moth of wrath barely misses you. The spriggan rider barely misses you.
You block the spriggan's attack.
Casting: Cause Fear (mildly dangerous; 1% risk of failure)
Confirm with . or Enter, or press ? or * to list all spells.
You feel a surge of power! A film of ice covers your body!
The moth of wrath bites you but does no damage.
The spriggan rider completely misses you.
The spriggan closely misses you. The moth of wrath barely misses you.
Casting: Ozocubu's Armour (mildly dangerous; 4% risk of failure)
Confirm with . or Enter, or press ? or * to list all spells.
Casting: Cause Fear (mildly dangerous; 1% risk of failure)
Press: ? - help, Dir - look around, f - activate The spriggan rider is unaffected.
The spriggan is unaffected.
The spriggan resists with almost no effort.
The moth of wrath looks frightened!
The spriggan easily resists.
The spriggan rider hits you with a +2 antimagic spear!
* * * LOW HITPOINT WARNING * * *
You feel your power leaking away.
The spriggan hits you with a +2 rapier of holy wrath.
* * * LOW HITPOINT WARNING * * *
The spriggan rider hits you with a +2 antimagic spear!
You die...

#.†.......#####....##...##
#P.......##{#≈#.###.##...#
.........#i.##§!)≈#..#..##
##.......#i...._$###.#...#
#P.......#...#.......#..##
##.......##..#≈#....##..##
##........#.i##§§§§.#....#
#.........###§§iii§##...##
##.........###iy@###...##
#...........#####.....#
##.......##....©....P###
#P......###........P## ###
#.......# ##..P##.###
####.#### #.......##
######## ###.P.#..#P
##.......# #..........
##......## #P.........
#.......# ####..######


You could see a spriggan rider (berserk), a moth of wrath (fleeing) and 3
spriggans.

Vanquished Creatures
  Agnes (D:15)
  A sphinx (D:14)
  2 stone giants
  Azrael (D:12)
  The ghost of Xaushiwk the Alchemist, a journeyman DrTm of Ru (Lair:5)
  The ghost of Ananasrisotto the Destroyer, a journeyman DgCj (Lair:1)
  A vault guard (D:14)
  An ogre mage (D:14)
  7 hydras
  7 centaur warriors
  5 two-headed ogres
  6 death yaks (Lair:4)
  11 boulder beetles
  5 tengu warriors
  A fire crab (D:14)
  A lindwurm (Lair:5)
  2 deep elf pyromancers (D:14)
  4 wizards (D:14)
  2 necromancers
  A wolf spider (D:15)
  2 manticores
  An orc knight (D:15)
  14 ugly things
  7 cyclopes
  A salamander (shapeshifter) (D:15)
  4 elephants (Lair:2)
  A moth of wrath (Lair:5)
  A black mamba (shapeshifter) (D:13)
  3 merfolk sirens (Lair:3)
  An ice statue (IceCv)
  7 black mambas
  An unseen horror (D:10)
  A torpor snail (Lair:2)
  2 gargoyles
  12 cane toads
  4 rime drakes
  An unseen horror (shapeshifter) (D:14)
  9 komodo dragons
  A kobold demonologist (D:11)
  Maggie (D:6)
  3 efreet
  12 ice devils (IceCv)
  3 freezing wraiths
  An anaconda simulacrum (IceCv)
  2 tengu conjurers (D:14)
  A troll (shapeshifter) (D:15)
  A meliai (D:14)
  6 hornets (Lair:5)
  2 polar bears
  5 trolls
  A merfolk (Lair:3)
  A tarantella (Lair:2)
  23 blink frogs
  4 dream sheep
  18 slime creatures
  A vampire (D:10)
  4 wyverns
  24 spriggans
  2 wraiths
  29 yaks
  2 dire elephant simulacra (IceCv)
  A hog (shapeshifter) (D:14)
  4 basilisks
  3 fire elementals (D:12)
  19 humans (D:14)
  A steam dragon (D:10)
  6 vampire mosquitoes (D:13)
  Edmund (D:6)
  5 death yak simulacra (IceCv)
  3 harpy simulacra (IceCv)
  An acid dragon (Bailey)
  3 wargs (D:11)
  12 water moccasins
  Menkaure (D:6)
  5 hydra simulacra (IceCv)
  Duvessa (D:5)
  2 hell hounds (D:12)
  7 black bears
  6 orc warriors
  11 ogres
  27 wolves
  6 boggarts
  2 centaurs
  A phantom (D:7)
  7 kobold brigands
  5 bullfrogs
  2 necrophages (D:6)
  A gnoll sergeant (D:7)
  A two-headed ogre simulacrum (IceCv)
  6 cane toad simulacra (IceCv)
  2 scorpions
  11 wights
  Dowan (D:5)
  3 elephant simulacra (IceCv)
  A howler monkey (D:5)
  3 hounds
  7 jellies
  A gnoll bouda (D:7)
  5 orc priests
  3 iguanas
  2 orc wizards
  2 polar bear simulacra (IceCv)
  A troll simulacrum (IceCv)
  4 wolf simulacra (IceCv)
  16 gnolls
  7 adders
  2 naga simulacra (IceCv)
  A shadow imp (D:6)
  2 white imps
  4 ufetubi
  The ghost of fly the Sneak, a weakling DgDe (D:6)
  A worm (D:3)
  33 orcs
  4 bats
  10 endoplasms
  9 giant cockroaches
  5 goblins
  7 hobgoblins
  4 jackals (D:1)
  5 ball pythons
  6 frilled lizards
  34 kobolds
  13 rats
640 creatures vanquished.

Vanquished Creatures (others)
  2 wights (D:7)
  14 fungi
  24 plants
40 creatures vanquished.

Grand Total: 680 creatures vanquished

Notes
Turn   | Place    | Note
-------+----------+-------------------------------------------
     0 | D:1      | Bnni the Formicid Hexslinger began the quest for the Orb.
     0 | D:1      | Reached XP level 1. HP: 15/15 MP: 2/2
   145 | D:1      | Reached XP level 2. HP: 18/21 MP: 3/3
   302 | D:1      | Reached skill level 1 in Fire Magic
   302 | D:1      | Reached XP level 3. HP: 26/26 MP: 3/5
   306 | D:1      | Learned a level 3 spell: Inner Flame
   833 | D:2      | Reached XP level 4. HP: 18/32 MP: 3/6
  1928 | D:3      | Reached XP level 5. HP: 7/38 MP: 4/7
  2257 | D:3      | Found an ornate altar of the Wu Jian Council.
  3042 | D:5      | Entered Level 5 of the Dungeon
  3067 | D:5      | Reached skill level 5 in Hexes
  3067 | D:5      | Reached XP level 6. HP: 32/44 MP: 9/9
  3069 | D:5      | Noticed an ogre
  3079 | D:5      | Killed an ogre
  3088 | D:5      | Noticed an ogre
  3098 | D:5      | Killed an ogre
  3099 | D:5      | Reached XP level 7. HP: 40/51 MP: 10/10
  3104 | D:5      | Learned a level 4 spell: Cause Fear
  3173 | D:5      | Noticed Duvessa
  3192 | D:5      | Killed Duvessa
  3215 | D:5      | Noticed Dowan
  3228 | D:5      | Killed Dowan
  3236 | D:5      | Learned a level 3 spell: Portal Projectile
  3629 | D:5      | Found Loes's General Store.
  3633 | D:5      | Found Liujoot's Specific Store.
  4100 | D:6      | Noticed Maggie
  4110 | D:6      | Reached XP level 8. HP: 34/58 MP: 4/12
  4110 | D:6      | Killed Maggie
  4111 | D:6      | Reached skill level 5 in Ranged Weapons
  4111 | D:6      | Reached skill level 1 in Translocations
  4286 | D:6      | Noticed Menkaure
  4295 | D:6      | Killed Menkaure
  4359 | D:6      | Reached XP level 9. HP: 36/63 MP: 4/14
  4364 | D:6      | Noticed Edmund
  4562 | D:6      | Noticed a cyclops
  4586 | D:6      | Killed Edmund
  4697 | D:6      | Noticed fly's ghost (weakling DgDe)
  4877 | D:6      | Found a runed translucent gate.
  4877 | D:6      | Found a runed translucent gate.
  4914 | D:6      | Found a runed translucent gate.
  5292 | D:6      | Killed a cyclops
  5292 | D:6      | Killed fly's ghost
  5419 | D:6      | Learned a level 3 spell: Summon Guardian Golem
  5431 | D:6      | Learned a level 2 spell: Wereblood
  5522 | D:7      | Reached skill level 5 in Fighting
  5890 | D:7      | Reached skill level 1 in Transmutations
  6042 | D:7      | Reached XP level 10. HP: 40/74 MP: 17/17
  6522 | D:7      | Found a staircase to the Ecumenical Temple.
  6529 | Temple   | Entered the Ecumenical Temple
  6692 | Temple   | Became a worshipper of Dithmenos the Shadowed
  6732 | D:7      | Reached skill level 5 in Spellcasting
  6762 | D:7      | Noticed a two-headed ogre
  6771 | D:7      | Killed a two-headed ogre
  6772 | D:7      | Reached skill level 1 in Shields
  6776 | D:7      | Noticed a two-headed ogre
  6781 | D:7      | Killed a two-headed ogre
  6930 | D:7      | Found a glowing golden altar of the Shining One.
  7074 | D:7      | Found the +12 pair of quick blades "Gyre" and "Gimble"
                  | {protect}
  7587 | D:9      | Reached * piety under Dithmenos
  7728 | D:9      | Reached skill level 1 in Short Blades
  7788 | D:9      | Noticed a two-headed ogre
  7800 | D:9      | Killed a two-headed ogre
  7801 | D:9      | Reached XP level 11. HP: 71/83 MP: 17/20
  7862 | D:9      | Identified the +1 scale mail of Cun Alesch {rElec rN+
                  | Will++ rCorr}
  8113 | D:10     | Entered Level 10 of the Dungeon
  8163 | D:10     | Found a flagged portal.
  8176 | D:10     | Learned a level 5 spell: Metabolic Englaciation
  8191 | Bailey   | Entered a bailey
  8224 | Bailey   | Reached skill level 1 in Ice Magic
  8383 | Bailey   | Reached skill level 5 in Shields
  8465 | Bailey   | Noticed a two-headed ogre
  8480 | Bailey   | HP: 4/84 [two-headed ogre/+0 glaive (18)]
  8482 | Bailey   | Killed a two-headed ogre
  8483 | Bailey   | Reached skill level 10 in Ranged Weapons
  9072 | D:10     | Found a snail-covered altar of Cheibriados.
  9072 | D:10     | Found a sparkling altar of Nemelex Xobeh.
  9225 | D:10     | Found a staircase to the Lair.
  9245 | D:10     | Reached ** piety under Dithmenos
  9301 | D:10     | Found an iron altar of Okawaru.
  9697 | D:11     | Noticed a boulder beetle
  9716 | D:11     | Killed a boulder beetle
  9775 | D:11     | Found a staircase to the Orcish Mines.
 10281 | D:12     | Noticed a boulder beetle
 10301 | D:12     | Killed a boulder beetle
 10302 | D:12     | Reached XP level 12. HP: 80/92 MP: 21/21
 10380 | D:12     | Noticed a two-headed ogre
 10391 | D:12     | Killed a two-headed ogre
 10392 | D:12     | Reached skill level 5 in Short Blades
 10968 | D:12     | Reached *** piety under Dithmenos
 11221 | D:12     | Noticed Azrael
 11278 | D:12     | Killed Azrael
 11578 | D:13     | Noticed a centaur warrior
 11585 | D:13     | Killed a centaur warrior
 11827 | D:13     | Noticed a boulder beetle
 11848 | D:13     | Killed a boulder beetle
 11924 | D:13     | Noticed a seven-headed hydra
 11936 | D:13     | Killed a seven-headed hydra
 12106 | D:13     | Reached XP level 13. HP: 97/101 MP: 22/22
 12238 | D:13     | Learned a level 3 spell: Ozocubu's Armour
 12320 | D:13     | Reached skill level 1 in Stealth
 12331 | D:13     | Reached skill level 1 in Invocations
 12651 | D:13     | Noticed a centaur warrior
 12667 | D:13     | Killed a centaur warrior
 12853 | D:13     | Noticed a centaur warrior
 12854 | D:13     | Noticed a centaur warrior
 12859 | D:13     | Killed a centaur warrior
 12890 | D:13     | Noticed a seven-headed hydra
 12898 | D:13     | Killed a seven-headed hydra
 13136 | D:13     | Killed a centaur warrior
 13137 | D:13     | Reached skill level 5 in Dodging
 13137 | D:13     | Reached skill level 5 in Stealth
 13254 | D:14     | Reached skill level 10 in Hexes
 13281 | D:14     | Found a shadowy altar of Dithmenos.
 13555 | D:14     | You fall into a shaft and drop 1 floor!
 13555 | D:15     | Entered Level 15 of the Dungeon
 13676 | D:14     | Noticed a centaur warrior
 13683 | D:14     | Killed a centaur warrior
 13966 | D:14     | Noticed a centaur warrior
 13968 | D:14     | Reached XP level 14. HP: 75/109 MP: 24/24
 14423 | D:14     | Noticed a stone giant
 14423 | D:14     | Noticed a sphinx
 14450 | D:14     | Reached skill level 10 in Fighting
 14462 | D:14     | Killed a stone giant
 14472 | D:14     | Killed a sphinx
 14659 | D:14     | Reached **** piety under Dithmenos
 14707 | D:14     | Reached skill level 5 in Invocations
 14736 | D:14     | Found a gate to the Vaults.
 15203 | D:15     | Reached skill level 5 in Ice Magic
 15468 | D:15     | Found a staircase to the Depths.
 15468 | D:15     | Noticed a stone giant
 15476 | D:15     | Killed a stone giant
 15544 | D:15     | Learned a level 5 spell: Silence
 15620 | D:15     | Reached XP level 15. HP: 117/117 MP: 27/27
 15861 | D:15     | Noticed Agnes
 15878 | D:15     | Killed Agnes
 16235 | D:15     | Reached ***** piety under Dithmenos
 16419 | D:15     | Reached skill level 10 in Stealth
 16918 | Lair:1   | Entered Level 1 of the Lair of Beasts
 16962 | Lair:1   | Noticed Ananasrisotto's ghost (journeyman DgCj)
 17215 | Lair:1   | Found a runed translucent door.
 17251 | Lair:1   | Killed Ananasrisotto's ghost
 18489 | Lair:2   | Found a hole to the Spider Nest.
 18548 | Lair:2   | Identified the +0 leather armour of Bueropek {MP+9 Dex+4}
 18919 | Lair:3   | Found a staircase to the Shoals.
 19124 | Lair:3   | Identified the +0 leather armour "Biud" {rN++ rCorr}
 19972 | Lair:4   | Reached XP level 16. HP: 88/126 MP: 20/28
 20356 | Lair:4   | Found a staircase to the Slime Pits.
 20435 | Lair:4   | Identified the +1 hat of a bazaar {Will+ Int+4}
 20531 | Lair:5   | Entered Level 5 of the Lair of Beasts
 20554 | Lair:5   | Reached ****** piety under Dithmenos
 20604 | Lair:5   | Found a frozen archway.
 20617 | IceCv    | Entered an ice cave
 20787 | IceCv    | Found an ancient bone altar of Kikubaaqudgha.
 20898 | IceCv    | Identified the +9 glaive "Grim" {drain, *Slow MP-9 Str+9
                  | Dex+4}
 22072 | Lair:5   | Reached skill level 10 in Invocations
 22429 | Lair:5   | Found a transporter.
 22431 | Lair:5   | Found a transporter.
 22469 | Lair:5   | Noticed Xaushiwk's ghost (journeyman DrTm)
 22484 | Lair:5   | Found a bloodstained altar of Trog.
 22527 | Lair:5   | Killed Xaushiwk's ghost
 22538 | Lair:5   | Slain by a spriggan rider

Illustrated notes

Levels and vault maps discovered:
D:1:      psy_arrival_radial02, layout_loops_ring, eino_curves_01,
          feat_on_display
D:2:      layout_basic
D:3:      layout_loops_ring, mainiacjoe_overflow_surrounded_room,
          bh_walls_and_bars
D:4:      layout_cave_pools
D:5:      layout_cave_pools, chequers_big_river, nicolae_specific_store,
          uniq_duvessa
D:6:      layout_basic, gammafunk_ghost_split,
          nicolae_ossuary_entry_false_entrances, uniq_menkaure, uniq_edmund,
          uniq_maggie
D:7:      layout_loops_ring, tso_altar, minmay_temple_entry_wispy,
          eino_tiny_chamber, hellmonk_guarded_unrand_gyre_and_gimble
D:8:      layout_basic, lemuel_doored_altar, uniq_grum
D:9:      layout_small_grid, hangedman_abyss_or_decor_passed
D:10:     layout_roguey, okawaru_altar_gauntlet_db,
          mainiacjoe_overflow_divided_tiny, david_lair_shrubbed, enter_bailey_2,
          minmay_misc_feat_four_crosses
D:11:     layout_cave_pods, minmay_orc_entry_guard_dogs
D:12:     layout_roguey [special_room_orc], uniq_azrael
D:13:     kennysheep_bubbly, layout_long_grid
D:14:     minmay_skewed_foursquare, layout_long_grid, grunt_vaults_entry_tiered,
          nicolae_dithmenos_through_a_glass_darkly, wad_scary_box
D:15:     grunt_enter_depths_snipers, layout_basic, minmay_misc_feat_tower,
          uniq_agnes
Temple:   nicolae_temple_superstar
Lair:1:   layout_gridlike, hellmonk_ghost_happy_afterlife
Lair:2:   layout_regular_city, spider_nest_entry_rubble
Lair:3:   layout_regular_city, elwin_shoals_entry_stream
Lair:4:   layout_misc_corridors, nicolae_slime_entry_field_trip
Lair:5:   minmay_lair_end_enchanted_forest, layout_big_grid,
          gammafunk_ghost_wrathful_warriors, portal_ice_cave_entry_pillars_1,
          grunt_forest_stairs_basic, minivault_25, lemuel_fruit_fields

Skill      XL: |  1  2  3  4  5  6  7  8  9 10 11 12 13 14 15 16 |
---------------+-------------------------------------------------+-----
Fire Magic     | 1 2 3 |  3.0
Hexes          | 4 5 6 7 9 10 11 12 | 12.0
Ranged Weapons | 3 4 5 7 9 10 11 12 13 | 13.9
Fighting       | 2 3 4 5 6 8 9 10 11 12 | 12.1
Spellcasting   | 2 3 4 6 7 8 |  8.0
Translocations | 2 3 |  3.0
Transmutations | 1 3 |  3.0
Shields        | 3 5 |  5.5
Short Blades   | 2 4 7 8 |  8.0
Ice Magic      | 3 4 5 |  5.2
Dodging        | 2 4 5 6 7 8 |  8.2
Stealth        | 6 9 12 13 | 13.6
Invocations    | 3 5 7 10 | 10.2

Action                   |  1- 3 |  4- 6 |  7- 9 | 10-12 | 13-15 | 16-18 || total
-------------------------+-------+-------+-------+-------+-------+-------++-------
Melee: Dagger            |       |    52 |    71 |     4 |       |       ||   127
       Pair of quick bla |       |       |       |   387 |   923 |   471 ||  1781
 Fire: Sling             |   110 |   123 |   138 |    28 |     3 |       ||   402
       Shortbow          |       |       |       |    46 |     4 |       ||    50
       Arbalest          |       |       |       |       |    22 |    61 ||    83
Throw: Dart              |       |       |     6 |     9 |     2 |       ||    17
       Throwing net      |       |       |       |       |     1 |       ||     1
 Cast: Slow              |     3 |     5 |     9 |    10 |     1 |       ||    28
       Inner Flame       |       |     5 |    26 |    15 |       |       ||    46
       Portal Projectile |       |       |     2 |     1 |       |     3 ||     6
       Summon Guardian G |       |       |     2 |     6 |       |       ||     8
       Wereblood         |       |       |       |    16 |    18 |    10 ||    44
       Cause Fear        |       |       |       |     3 |     5 |     3 ||    11
       Metabolic Englaci |       |       |       |     8 |    23 |     2 ||    33
       Ozocubu's Armour  |       |       |       |       |    14 |     2 ||    16
       Silence           |       |       |       |       |     1 |       ||     1
Invok: Shadow Step       |       |       |       |       |     2 |       ||     2
 Abil: Dig               |       |       |     5 |       |     5 |       ||    10
  Use: Scroll            |       |     6 |     3 |     7 |     3 |     2 ||    21
       Potion            |       |       |       |     1 |     3 |     2 ||     6
 Stab: Sleeping          |       |       |       |       |    44 |    15 ||    59
       Fleeing           |       |       |       |       |     2 |       ||     2
       Distracted        |       |       |       |       |       |     1 ||     1
Armor: Robe              |    15 |    44 |    29 |       |       |       ||    88
       Steam dragon scal |       |       |    40 |   103 |   165 |    66 ||   374
Dodge: Dodged            |    49 |    80 |   131 |   178 |   219 |   154 ||   811
Block: Buckler           |       |       |       |    62 |   165 |    92 ||   319
       Reflection        |       |       |       |       |    10 |     2 ||    12

Table legend: (Time is in decaauts)
 A = Elapsed time spent in this place.
 B = Non-inter-level travel time spent in this place.
 C = Inter-level travel time spent in this place.
 D = Time resting spent in this place.
 E = Time spent auto-exploring this place.
 F = Levels seen in this place.
 G = Mean time per level.
                   A        B        C        D        E       F      G
               +--------+--------+--------+--------+--------+-----+--------+
         Total |  21538 |  20756 |    782 |   3163 |  13353 |  23 |  936.4 |
       Dungeon |  15688 |  15060 |    628 |   2363 |   9779 |  15 | 1045.9 |
        Temple |    181 |    164 |     17 |    100 |     41 |   1 |  181.0 |
          Lair |   4410 |   4274 |    136 |    122 |   3230 |   5 |  882.0 |
        Bailey |    562 |    562 |      0 |    313 |     94 |   1 |  562.0 |
      Ice Cave |    695 |    695 |      0 |    265 |    208 |   1 |  695.0 |
               +--------+--------+--------+--------+--------+-----+--------+

Top non-repeatable levels by time:
    D:15: 1720 daAuts
     D:7: 1693 daAuts
    D:14: 1548 daAuts
    D:12: 1441 daAuts
    D:13: 1424 daAuts
     D:6: 1382 daAuts
  Lair:5: 1046 daAuts
     D:5: 1035 daAuts
     D:2: 944 daAuts
  Lair:1: 910 daAuts
  Lair:2: 883 daAuts
     D:1: 823 daAuts
  Lair:3: 809 daAuts
    D:10: 797 daAuts
  Lair:4: 760 daAuts
